 Dungeon Crawl Stone Soup version 0.25-a0-285-gcba6f664f8 (webtiles) character file.

Game seed: 14456609306812024464, levelgen mode: deterministic

19085 MisterFreud the Grappler (level 12, -2/124 HPs)
             Began as a Troll Monk on Dec 11, 2019.
             Slain by an elephant (19 damage)
             ... on level 5 of the Lair of Beasts.
             The game lasted 00:21:24 (9557 turns).

MisterFreud the Grappler (Troll Monk)               Turns: 9557, Time: 00:21:25

Health: -2/124     AC: 10    Str: 35    XL:     12   Next: 33%
Magic:  11/11      EV: 14    Int:  9    God:
Gold:   589        SH:  0    Dex: 12    Spells: 11/11 levels left

rFire    . . .     SeeInvis .     - Unarmed
rCold    . . .     Gourm    +   (no shield)
rNeg     . . .     Faith    .   I - +2 robe {MR+}
rPois    +         Spirit   .   J - +2 hat {Int+3}
rElec    .         Reflect  .   (no cloak)
rCorr    .         Harm     .   (gloves unavailable)
MR       +....                  (boots unavailable)
Stlth    ++........             (no amulet)
HPRegen  0.70/turn              j - ring of poison resistance
MPRegen  0.12/turn              x - +4 ring of strength

@: mighty
A: large, unfitting armour, claws 3, fast metabolism 3, gourmand, regeneration
1, shaggy fur 1, tough skin 3
a: no special abilities


You were on level 5 of the Lair of Beasts.
You were very full.

You visited 3 branches of the dungeon, and saw 17 of its levels.

You collected 829 gold pieces.
You spent 240 gold pieces at shops.

Inventory:

Hand Weapons
 H - a +4 scimitar of flaming
Missiles
 c - 4 silver javelins
 E - a throwing net
 G - 25 large rocks (quivered)
 O - 7 javelins
Armour
 a - a +1 robe
 C - a +0 troll leather armour
 I - a +2 robe of magic resistance (worn)
 J - a +2 hat of intelligence (worn)
Jewellery
 d - an uncursed ring of protection from fire
 f - an uncursed ring of stealth
 j - a ring of poison resistance (left claw)
 x - a +4 ring of strength (right claw)
 B - an uncursed ring of wizardry
 K - an uncursed ring of protection from fire
 L - an uncursed ring of resist corrosion
Wands
 k - a wand of disintegration (3)
 F - a wand of random effects (16)
Scrolls
 g - 2 scrolls of remove curse
 i - 4 scrolls of fear
 l - 9 scrolls of teleportation
 p - 2 scrolls of immolation
 r - a scroll of enchant armour
 u - a scroll of random uselessness
 y - a scroll of identify
 N - a scroll of blinking
Potions
 e - 3 potions of ambrosia
 h - a potion of heal wounds
 m - 4 potions of haste
 n - a potion of cancellation
 o - 4 potions of curing
 q - 4 potions of might
 s - a potion of berserk rage
 t - 2 potions of flight
 v - a potion of mutation
 w - a potion of brilliance
 z - 2 potions of degeneration
 A - a potion of agility
 D - 2 potions of magic
 P - a potion of lignification
Comestibles
 b - 29 rations


   Skills:
 + Level 9.4 Fighting
 - Level 8.0 Throwing
 + Level 9.4 Dodging
 - Level 1.0 Stealth
 + Level 11.4 Unarmed Combat


You had 11 spell levels left.
You didn't know any spells.
Your spell library contained the following spells:

 Spells                   Type           Power        Failure   Level  Hunger
 Shock                    Conj/Air       #...         38%         1    ##.....
 Swiftness                Chrm/Air       #.......     52%         2    ###....
 Static Discharge         Conj/Air       #.......     77%         3    ####...
 Airstrike                Air            #.........   99%         4    #####..
 Lightning Bolt           Conj/Air       #.........   100%        5    ######.


Dungeon Overview and Level Annotations

Branches:
Dungeon (11/15)            Temple (1/1) D:4            Lair (5/6) D:11
  Swamp: Lair:2-4    Shoals: Lair:2-4     Snake: Lair:2-4    Spider: Lair:2-4
  Slime: Lair:5-6       Orc: D:9-12

Altars:
Ashenzari
Cheibriados
Dithmenos
Elyvilon
Fedhas
Gozag
Hepliaklqana
Kikubaaqudgha
Makhleb
Nemelex Xobeh
Okawaru
Qazlal
Ru
Sif Muna
Trog
Uskayaw
Vehumet
Wu Jian
Xom
Yredelemnul
Zin
The Shining One

Shops:
D:5 *==}


Innate Abilities, Weirdness & Mutations

You are too large for most types of armour.
You have claws for hands.
Your metabolism is lightning-fast.
You like to eat raw meat.
Your natural rate of healing is unusually fast.
You are covered in fur. (AC +1)
You have extremely tough skin. (AC +3)


Message History

The elephant tramples you!
* * * LOW HITPOINT WARNING * * *
You hold your ground!
The elephant misses you.
You scratch the elephant but do no damage.
The elephant is lightly wounded.
Evoke which item? (* to show all) (? for menu, Esc to quit)
Okay, then.
Okay, then.
You feel very mighty all of a sudden. The elephant misses you.
The elephant trunk-slaps you.
* * * LOW HITPOINT WARNING * * *
You mangle the elephant!!
The elephant is heavily wounded.
The elephant tramples you.
* * * LOW HITPOINT WARNING * * *
You hold your ground!
The elephant completely misses you.
You barely miss the elephant.
The elephant is heavily wounded.
The elephant tramples you!!
You die...

..........#.....
#.P....#...#....
....P..#P......
##..........P...
#.......#P......
##.....P.........
#......#.........
#....#.#YY........
### ##@#†##.......
###Y.........
#PY#.......
###.........
##.....#....
#P..........
..^#......#....
.......Y<.#....
......Y....#...


You could see 2 elephants.

Vanquished Creatures
  Gastronok (D:8)
  Snorg (D:11)
  Harold (D:7)
  Erica (D:9)
  Nergalle (D:10)
  Urug (D:11)
  Sonja (D:11)
  2 unseen horrors
  An ugly thing (D:11)
  2 elephants (Lair:5)
  3 cyclopes
  Joseph (D:8)
  2 spiny frogs (Lair:1)
  A troll (D:10)
  2 hippogriffs
  2 shadows
  A spriggan (D:7)
  2 wyverns (D:11)
  8 yaks
  2 basilisks (D:11)
  Grum (D:9)
  3 water moccasins
  Duvessa (D:7)
  A porcupine (Lair:3)
  4 ice beasts
  3 orc warriors
  A hornet zombie (D:10)
  A black bear (D:7)
  2 sky beasts
  4 ogres
  6 wolves
  3 centaurs
  3 crocodiles
  4 big kobolds
  A gnoll sergeant (D:8)
  Dowan (D:7)
  8 bullfrogs
  5 scorpions
  3 killer bees (D:10)
  5 wights (D:7)
  2 howler monkeys (D:9)
  6 electric eels (D:7)
  3 crimson imps
  3 centaur zombies
  4 bullfrog zombies
  2 quasits
  3 hounds
  4 jellies
  8 orc priests
  A bullfrog skeleton (D:9)
  2 centaur skeletons
  A gnoll shaman (D:6)
  9 orc wizards
  5 iguanas
  6 worker ants
  A worker ant zombie (D:5)
  A howler monkey zombie (D:8)
  8 gnolls
  15 adders
  4 shadow imps
  3 oozes
  An adder skeleton (D:9)
  5 worms
  2 dart slugs
  2 leopard geckos
  37 orcs
  2 giant cockroaches
  5 goblins
  5 hobgoblins
  15 jackals
  4 quokkas
  2 ball pythons (D:1)
  6 bats
  2 frilled lizards
  23 kobolds
  A leopard gecko zombie (D:7)
  A quokka skeleton (D:8)
  2 rats
302 creatures vanquished.

Vanquished Creatures (others)
  A plant (D:7)
1 creature vanquished.

Grand Total: 303 creatures vanquished

Notes
Turn   | Place    | Note
-------+----------+-------------------------------------------
     0 | D:1      | MisterFreud the Troll Monk began the quest for the Orb.
     0 | D:1      | Reached XP level 1. HP: 22/22 MP: 0/0
   123 | D:1      | Reached XP level 2. HP: 29/29 MP: 1/1
   258 | D:1      | Reached skill level 4 in Unarmed Combat
   404 | D:1      | Reached XP level 3. HP: 36/36 MP: 2/2
   547 | D:2      | Found a basalt altar of Yredelemnul.
   888 | D:2      | Reached XP level 4. HP: 44/44 MP: 3/3
   897 | D:2      | Reached skill level 5 in Unarmed Combat
  1565 | D:3      | Reached XP level 5. HP: 50/50 MP: 4/4
  1686 | D:3      | Reached skill level 6 in Unarmed Combat
  1738 | D:3      | Found a faded altar of an unknown god.
  2163 | D:4      | You fall into a shaft and drop 1 floor!
  2163 | D:5      | Entered Level 5 of the Dungeon
  2173 | D:5      | Reached XP level 6. HP: 61/61 MP: 5/5
  2268 | D:5      | Noticed a -2 hand axe
  2268 | D:5      | Noticed a +0 dagger
  2269 | D:5      | Found a hide-covered altar of Uskayaw.
  2336 | D:5      | Found Siubuc's Gadget Shop.
  2343 | D:5      | Noticed a sky beast
  2359 | D:5      | Killed a sky beast
  2383 | D:5      | Found a shimmering blue altar of Sif Muna.
  2446 | D:4      | Found a staircase to the Ecumenical Temple.
  2496 | Temple   | Entered the Ecumenical Temple
  2672 | D:4      | Found a shadowy altar of Dithmenos.
  2801 | D:4      | Reached XP level 7. HP: 66/70 MP: 6/6
  2990 | D:5      | Found Umpenul's Assorted Antiques.
  3015 | D:5      | Found Bakk's Jewellery Shoppe.
  3038 | D:5      | Bought a scroll of fear for 101 gold pieces
  3038 | D:5      | Bought a scroll of teleportation for 87 gold pieces
  3038 | D:5      | Bought a coppery potion for 26 gold pieces
  3038 | D:5      | Bought a murky ruby potion for 26 gold pieces
  3095 | D:5      | Reached skill level 1 in Throwing
  3193 | D:5      | Found Cosig's Jewellery Shop.
  3410 | D:6      | Reached skill level 7 in Unarmed Combat
  3410 | D:6      | Reached XP level 8. HP: 69/78 MP: 7/7
  3851 | D:7      | Reached skill level 8 in Unarmed Combat
  3876 | D:7      | Reached skill level 5 in Throwing
  3898 | D:7      | Noticed Harold
  3913 | D:7      | Killed Harold
  3913 | D:7      | Reached skill level 9 in Unarmed Combat
  3913 | D:7      | Reached XP level 9. HP: 54/84 MP: 8/8
  4244 | D:7      | Reached skill level 10 in Unarmed Combat
  4533 | D:7      | Noticed Dowan
  4533 | D:7      | Noticed Duvessa
  4569 | D:7      | Reached skill level 5 in Fighting
  4569 | D:7      | Reached skill level 5 in Dodging
  4677 | D:7      | Killed Duvessa
  4684 | D:7      | Killed Dowan
  4844 | D:8      | Reached XP level 10. HP: 94/96 MP: 9/9
  4932 | D:8      | Noticed Joseph
  4947 | D:8      | Killed Joseph
  4957 | D:8      | Noticed Gastronok
  4966 | D:8      | Killed Gastronok
  5129 | D:8      | Found a hazy altar of Hepliaklqana.
  5389 | D:8      | Found a sparkling altar of Nemelex Xobeh.
  6034 | D:9      | Noticed Erica
  6082 | D:9      | Noticed Grum
  6107 | D:9      | Killed Grum
  6295 | D:9      | Killed an unseen horror
  6329 | D:9      | Reached XP level 11. HP: 77/110 MP: 10/10
  6481 | D:9      | Killed Erica
  6588 | D:9      | Found a blossoming altar of Fedhas.
  6692 | D:10     | Entered Level 10 of the Dungeon
  6742 | D:10     | Noticed Nergalle
  6761 | D:10     | Killed Nergalle
  7429 | D:11     | Noticed a green ugly thing
  7438 | D:11     | Killed a green ugly thing
  7469 | D:11     | Noticed Sonja
  7752 | D:11     | Noticed Snorg
  7763 | D:11     | Killed Snorg
  7888 | D:11     | Killed Sonja
  7956 | D:11     | Killed an unseen horror
  8316 | D:11     | Noticed Urug
  8327 | D:11     | Killed Urug
  8327 | D:11     | Reached skill level 11 in Unarmed Combat
  8438 | D:11     | Reached XP level 12. HP: 121/123 MP: 11/11
  8708 | D:11     | Found a staircase to the Lair.
  8918 | Lair:1   | Entered Level 1 of the Lair of Beasts
  9557 | Lair:5   | Slain by an elephant

Levels and vault maps discovered:
D:1:      dpeg_arrival_tiny_d, layout_loops_ring, corner_web_ring
D:2:      layout_basic, overflow_temple_1_default, first_ration,
          chequers_serial_rivers_micro_e, grunt_decor_one_mirror,
          kennysheep_generic_room_9
D:3:      layout_rooms, chequers_ecumenical_altar_simple_redux,
          palyth_stone_intersect, wad_orctagon
D:4:      layout_rooms, nicolae_dithmenos_the_darkroom, temple_statues
D:5:      layout_basic, dancing_weapons_uskayaw, serial_shops, shop, shop,
          kennysheep_mini, shop, basic_altar
D:6:      lemuel_ice_spiral_2, layout_rooms
D:7:      cheibrodos_two_vegetables, layout_loops_ring, the_bakery,
          uniq_duvessa, uniq_harold
D:8:      layout_layer_cave, nemelex_xobeh_ov_fountains_minmay,
          nicolae_overflow_crystal_walls, uniq_gastronok, uniq_joseph
D:9:      layout_rooms, fedhas_altar_4, uniq_erica, uniq_grum
D:10:     layout_roguey, uniq_nergalle
D:11:     layout_rooms, erik_lair_dragon, lightli_minifort, uniq_urug,
          uniq_snorg, uniq_sonja
Temple:   minmay_crystal_spiral_temple
Lair:1:   layout_regular_city
Lair:2:   mu_elephants_graveyard, layout_regular_city, swamp_mist,
          nicolae_spider_entry_tight_spaces
Lair:3:   beast_lair_carwin_large_3, layout_cave_shapes, roderic_carrion_pond,
          grunt_megastairs_4
Lair:4:   layout_hall_layers, infiniplex_staircase_pool
Lair:5:   layout_misc_corridors, uniq_kirke

Skill      XL: |  1  2  3  4  5  6  7  8  9 10 11 12 |
---------------+-------------------------------------+-----
Unarmed Combat | 4 5 6 7 9 10 11 | 11.4
Fighting       | 3 4 5 7 9 |  9.4
Dodging        | 3 4 5 7 9 |  9.4
Throwing       | 3 6 7 8 |  8.0
Stealth        | |  1.0

Action                   |  1- 3 |  4- 6 |  7- 9 | 10-12 || total
-------------------------+-------+-------+-------+-------++-------
Melee: Unarmed           |    75 |   135 |   216 |   515 ||   941
       Punch             |     2 |     5 |    13 |    27 ||    47
Throw: Large rock        |       |       |       |    22 ||    22
Evoke: Wand              |       |       |     7 |       ||     7
  Use: Scroll            |       |    12 |     6 |    11 ||    29
       Potion            |       |       |     1 |     1 ||     2
 Stab: Sleeping          |     4 |     2 |     2 |     1 ||     9
       Distracted        |       |     2 |     1 |       ||     3
  Eat: Chunk             |    11 |    20 |    19 |    42 ||    92
Armor: Robe              |    34 |    36 |    35 |    24 ||   129
       Troll leather arm |       |       |    15 |   205 ||   220
Dodge: Dodged            |    37 |    59 |   113 |   331 ||   540

Table legend:
 A = Non-vault XP
 B = Vault XP
 C = Vault XP percentage of total XP
 D = Non-vault monster count
 E = Vault monster count
 F = Vault count percentage of total count
                 A         B        C        D         E       F
            +---------+---------+-------+---------+---------+-------
      Total |   15936 |   11329 |  41.6 |     265 |      37 |  12.3
            +---------+---------+-------+---------+---------+-------
        D:1 |      47 |       0 |   0.0 |      20 |       0 |   0.0
        D:2 |      63 |       4 |   6.0 |      20 |       1 |   4.8
        D:3 |     175 |      12 |   6.4 |      15 |       4 |  21.1
        D:4 |     285 |       0 |   0.0 |      16 |       0 |   0.0
        D:5 |     376 |       0 |   0.0 |      14 |       0 |   0.0
        D:6 |     888 |       0 |   0.0 |      19 |       0 |   0.0
        D:7 |    1519 |    2157 |  58.7 |      27 |      13 |  32.5
        D:8 |     823 |    2606 |  76.0 |      26 |       2 |   7.1
        D:9 |    1743 |    1472 |  45.8 |      25 |       5 |  16.7
       D:10 |    2073 |     824 |  28.4 |      31 |       1 |   3.1
       D:11 |    3131 |    4144 |  57.0 |      28 |       8 |  22.2
     Lair:1 |    1195 |       0 |   0.0 |       5 |       0 |   0.0
     Lair:2 |     533 |       0 |   0.0 |       3 |       0 |   0.0
     Lair:3 |    1148 |     110 |   8.7 |       8 |       3 |  27.3
     Lair:5 |    1937 |       0 |   0.0 |       8 |       0 |   0.0
            +---------+---------+-------+---------+---------+-------
